 Dungeon Crawl Stone Soup version 0.18.1-8-gdd0e5ea (webtiles) character file.

108 Freshguac the Grave Robber (level 4, -2/30 HPs)
             Began as a Mummy Necromancer on June 3, 2016.
             Slain by a sky beast (6 damage)
             ... on level 4 of the Dungeon.
             The game lasted 00:09:57 (1648 turns).

Freshguac the Grave Robber (Mummy Necromancer)      Turns: 1648, Time: 00:09:58

Health: -2/30      AC:  2    Str: 11    XL:     4   Next: 58%
Magic:  8/8        EV: 12    Int: 15    God:
Gold:   120        SH:  0    Dex: 12    Spells: 2 memorised, 7 levels left

rFire  x . .     SeeInvis .     i - +0 hand axe
rCold  + . .     Gourm    .     a - +0 robe
rNeg   + + +     Faith    .     (no shield)
rPois  ∞         Spirit   .     (no helmet)
rElec  .         Dismiss  .     (no cloak)
rCorr  .         Reflect  .     (no gloves)
SustAt .         Harm     .     (no boots)
MR     .....                    (no amulet)
Stlth  ++........               (no ring)
                                (no ring)

@: not resistant to hostile enchantments, unstealthy
A: no food or potions, fire vulnerability, cold resistance 1, negative energy
resistance 3, torment resistance, unbreathing
a: no special abilities


You were on level 4 of the Dungeon.
You were not hungry.

You visited 1 branch of the dungeon, and saw 5 of its levels.

You collected 120 gold pieces.

Inventory:

Hand Weapons
 i - a +0 hand axe (weapon)
Armour
 a - a +0 robe (worn)
Scrolls
 d - 2 scrolls of enchant weapon {unknown}
 e - 2 scrolls of remove curse {unknown}
 f - 2 scrolls of amnesia {unknown}
 g - a scroll of enchant armour {unknown}
 h - a scroll of immolation {unknown}
Potions
 c - a potion of brilliance {unknown}
Books
 b - a book of Necromancy

   Spells                             Type                      Level
   a - Pain                           Necromancy                   1
   b - Animate Skeleton               Necromancy                   1
   c - Vampiric Draining              Necromancy                   3
   d - Regeneration                   Charms/Necromancy            3
   e - Animate Dead                   Necromancy                   4
   f - Control Undead                 Necromancy                   4


   Skills:
 + Level 0.2 Fighting
 + Level 2.1 Dodging
 + Level 1.7 Stealth
 + Level 0.2 Unarmed Combat
 + Level 3.2 Spellcasting
 + Level 4.7 Necromancy


You had 7 spell levels left.
You knew the following spells:

 Your Spells              Type           Power        Failure   Level  Hunger
a - Pain                  Necr           ###.         2%          1    N/A
b - Animate Skeleton      Necr           N/A          2%          1    N/A

Dungeon Overview and Level Annotations

Branches:
Dungeon (5/15)
 Temple: D:4-7

Altars:

Shops:
D:5 (


Innate Abilities, Weirdness & Mutations

You do not eat or drink.
Your flesh is vulnerable to fire.
You are immune to poison.
Your flesh is cold resistant.
You are immune to negative energy.
You are immune to unholy pain and torment.
You can survive without breathing.


Message History

Wield which item (- for none, * to show all)? (? for menu, Esc to quit)
i - a +0 hand axe (weapon)
The sky beast flickers out of sight!
You hit something. Something hits you. Something shocks you.
Found 14 gold pieces.
Found a stone staircase leading up.
There is a stone staircase leading up here.
Something hits you but does no damage.
You see here 14 gold pieces.
You now have 120 gold pieces (gained 14).
Something hits you. Something shocks you. Something hits you.
Something shocks you.
* * * LOW HITPOINT WARNING * * *
There is a stone staircase leading up here.
Something hits you but does no damage.
You climb upwards.
There is a stone staircase leading down here.
You closely miss something. Something hits you.
* * * LOW HITPOINT WARNING * * *
Something shocks you.
You die...

########.######..#
#...%%..........#
#.######.##.#####
#.# #.##.# #.#
#.##.# #.# ..##.#
#<# ####.#######
..#. #.......##
###. #.....@#.#
?.........#####.#
##.######### #.#
#...### #.# #.#...
#>## .#...# #..#
....># #%.# ##♣.♣♣
#>.# ♣.♣♣ #..#


There were no monsters in sight!

Vanquished Creatures
  A howler monkey (D:4)
  A worker ant (D:5)
  A hound skeleton (D:4)
  An adder (D:2)
  4 orcs
  A giant cockroach (D:3)
  3 goblins
  4 hobgoblins
  5 jackals
  2 bats (D:1)
  A giant newt (D:1)
  2 kobolds
  3 rats
29 creatures vanquished.

Vanquished Creatures (collateral kills)
  A rat (D:1)
1 creature vanquished.

Grand Total: 30 creatures vanquished

Notes
Turn   | Place    | Note
--------------------------------------------------------------
     0 | D:1      | Freshguac the Mummy Necromancer began the quest for the Orb.
     0 | D:1      | Reached XP level 1. HP: 13/13 MP: 3/3
    64 | D:1      | Learned a level 1 spell: Animate Skeleton
   225 | D:1      | Reached XP level 2. HP: 17/19 MP: 1/5
   858 | D:3      | Reached XP level 3. HP: 22/24 MP: 2/6
  1490 | D:4      | Reached XP level 4. HP: 27/30 MP: 0/8
  1565 | D:5      | Entered Level 5 of the Dungeon
  1572 | D:5      | Noticed a sky beast
  1625 | D:5      | Found Vaamodee's Weapon Shop.
  1648 | D:4      | Slain by a sky beast

Skill      XL: |  1  2  3 |
---------------+----------+-----
Dodging        | 2 |  2.1
Spellcasting   | 3 |  3.2
Fighting       | |  0.2
Stealth        | |  1.7
Unarmed Combat | |  0.2
Necromancy     | |  4.7

Action                   |  1- 3 |  4- 6 || total
-------------------------+-------+-------++-------
Melee: Unarmed           |    34 |    14 ||    48
       Hand axe          |       |     2 ||     2
 Cast: Pain              |    46 |     4 ||    50
       Animate Skeleton  |    19 |     1 ||    20
Armor: Robe              |    16 |     2 ||    18
Dodge: Dodged            |    34 |       ||    34
